 Dungeon Crawl Stone Soup version 0.18.1-50-g88ac8fd (webtiles) character file.

99886 KarmaPolice the Bewitcher (level 15, -21/100 HPs)
             Began as a Vampire Enchanter on Sept 27, 2016.
             Hit by a large rock thrown by a stone giant (51 damage)
             ... on level 1 of the Orcish Mines.
             The game lasted 02:33:14 (40958 turns).

KarmaPolice the Bewitcher (Vampire Enchanter)      Turns: 40958, Time: 02:33:15

Health: -21/100    AC: 11    Str:  3    XL:     15   Next: 79%
Magic:  49/49      EV: 17    Int: 24    God:
Gold:   2004       SH:  0    Dex: 18    Spells: 9 memorised, 9 levels left

rFire  . . .     SeeInvis +     p - +2 dagger (drain)
rCold  + . .     Gourm    .     o - +2 robe {MR+}
rNeg   + + .     Faith    .     (no shield)
rPois  +         Spirit   .     b - +1 hat {MR+}
rElec  +         Dismiss  .     l - +1 cloak {MR+}
rCorr  .         Reflect  .     F - +2 pair of gloves {Dex+3}
SustAt .         Harm     .     r - +0 pair of boots
MR     +++++                    (no amulet)
Stlth  ++++++++..               t - ring of magical power
                                S - ring "Hium" {+Inv rElec MP+9 Str-4 Slay+4}

@: regenerating slowly, almost entirely resistant to hostile enchantments,
extraordinarily stealthy
A: fangs 3, see invisible, magic resistance 1, unbreathing, evolution 1
a: Bat Form, Evoke Invisibility


You were on level 1 of the Orcish Mines.
You were very thirsty.

You visited 5 branches of the dungeon, and saw 26 of its levels.
You also visited: Ice Cave.

You collected 2947 gold pieces.
You spent 943 gold pieces at shops.

Inventory:

Hand Weapons
 p - a +2 dagger of draining (weapon)
 D - the +9 long sword "Rejocs" {freeze, +Fly}
   (You found it on level 1 of the Lair of Beasts)

   It has been specially enchanted to freeze those struck by it, causing extra
   injury to most foes and up to half again as much damage against particularly
   susceptible opponents.
   It can also slow down cold-blooded creatures.
   It lets you fly.
Armour
 b - a +1 hat of magic resistance (worn)
 l - a +1 cloak of magic resistance (worn)
 o - a +2 robe of magic resistance (worn)
 r - a +0 pair of boots (worn)
 F - a +2 pair of gloves of dexterity (worn)
Jewellery
 k - an uncursed ring of poison resistance
 t - a ring of magical power (right hand)
 z - an uncursed ring of fire
 E - an uncursed ring of resist corrosion
 S - the ring "Hium" (left hand) {+Inv rElec MP+9 Str-4 Slay+4}
   (You found it on level 7 of the Lair of Beasts)

   [ring of magical power]

   It affects your strength (-4).
   It affects your accuracy and damage with ranged weapons and melee attacks
   (+4).
   It insulates you from electricity.
   It affects your magic capacity (+9).
   It lets you turn invisible.
 T - an uncursed ring of ice
 U - the ring "Uskawudob" {rCorr +Inv rElec rF+ MR-}
   (You found it in an ice cave)

   [ring of resist corrosion]

   It protects you from fire.
   It insulates you from electricity.
   It affects your resistance to hostile enchantments.
   It lets you turn invisible.
Wands
 y - a wand of teleportation (5/9)
 J - a wand of lightning (11/15)
 O - a wand of lightning (10/15)
 V - a wand of acid (2/15)
Scrolls
 a - 2 scrolls of recharging
 e - 6 scrolls of fear
 g - 6 scrolls of remove curse
 j - 6 scrolls of teleportation
 n - a scroll of silence
 s - 4 scrolls of enchant armour
 x - 3 scrolls of magic mapping
 A - 5 scrolls of blinking
 B - a scroll of amnesia
 C - a scroll of brand weapon
 H - 5 scrolls of enchant weapon
 N - a scroll of fog
Potions
 c - a potion of brilliance
 d - 18 potions of blood
 f - 4 potions of curing
 m - 6 potions of flight
 q - 3 potions of degeneration
 v - 4 potions of heal wounds
 w - 5 potions of agility {unknown}
 G - 2 potions of resistance {unknown}
 I - 4 potions of haste
 K - a potion of berserk rage {unknown}
 L - 4 potions of lignification
 M - 3 potions of might
 P - a potion of invisibility {unknown}
 Q - a potion of cure mutation {unknown}


   Skills:
 - Level 4.1 Fighting
 - Level 10.3 Short Blades
 + Level 6.3 Dodging
 + Level 16.5 Stealth
 + Level 12.3 Spellcasting
 - Level 4.7 Conjurations
 + Level 19.4 Hexes
 - Level 6.7 Transmutations
 - Level 10.7 Ice Magic


You had 9 spell levels left.
You knew the following spells:

 Your Spells              Type           Power        Failure   Level  Hunger
a - Corona                Hex            #######      0%          1    None
b - Ensorcelled Hibernat  Hex/Ice        ######       0%          2    None
c - Confuse               Hex            #######.     0%          3    None
d - Tukima's Dance        Hex            #######.     0%          3    None
e - Dazzling Spray        Conj/Hex       ######       1%          3    None
f - Yara's Violent Unrav  Hex/Trmt       ######....   1%          5    ###....
g - Invisibility          Hex            #######.     1%          6    #####..
h - Fulminant Prism       Conj/Hex       ######....   1%          4    None
i - Repel Missiles        Chrm/Air       ##....       8%          2    None


Dungeon Overview and Level Annotations

Branches:
Dungeon (14/15)            Temple (1/1) D:5            Lair (8/8) D:8
 Shoals (1/4) Lair:5       Spider (0/4) Lair:3        Slime (0/6) Lair:6
    Orc (2/2) D:11            Elf (0/3) Orc:2        Vaults (0/5) D:14

Altars:
Ashenzari
Cheibriados
Dithmenos
Elyvilon
Fedhas
Gozag
Makhleb
Nemelex Xobeh
Okawaru
Pakellas
Qazlal
Ru
Trog
Vehumet
Xom
Yredelemnul
Zin
The Shining One
Jiyva

Shops:
D:6 !   D:7 }   D:8 }   D:10 (}   D:11 %   Orc:2 :!**[

Portals:
Trove: D:12 (give 3 potions of cure mutation)

Annotations:
Lair:5 exclusion: 2 oklob plants


Innate Abilities, Weirdness & Mutations

You heal slowly.
You have razor-sharp teeth.
You have supernaturally acute eyesight.
You can survive without breathing.
You are resistant to hostile enchantments.
You evolve.


Message History

Items here: (( ))) an uncursed battleaxe; an uncursed arbalest; 19 bolts; an arrow an uncursed shortbow You start resting.
You feel a genetic drift.
You feel resistant to hostile enchantments.
HP restored.
Done exploring.
Done exploring.
You see here a giant club.
There is a stone staircase leading up here.
You climb upwards.
The orc priest calls down the wrath of Beogh upon you.
Beogh smites you!
The stone giant throws a large rock.
The large rock hits you!!! The orc hits you with a club!
* * * LOW HITPOINT WARNING * * *
The orc barely misses you.
The stone giant throws a large rock.
The large rock hits you!!!
Ouch! That really hurt!
You die...

## #.####
#o...# #.@oo#
#.oo..#
.........#
.....#......#
#......
#......
.......
......
C.....#
#..... ......
.....


You could see a stone giant, an orc priest, an orc wizard and 3 orcs.

Vanquished Creatures
  Kirke (Lair:8)
  Gastronok (D:11)
  Maud (D:11)
  A stone giant (Orc:2)
  2 vault guards (D:14)
  A fire dragon (Lair:8)
  6 hydras
  Harold (D:11)
  2 ice dragons (IceCv)
  4 centaur warriors
  Erica (D:8)
  A catoblepas (D:14)
  The ghost of Nordron the Geomancer, a journeyman GrEE of Vehumet (IceCv)
  A queen ant (Lair:3)
  An orc high priest (Orc:2)
  4 death yaks (Lair:8)
  Nergalle (D:11)
  An unseen horror (D:13)
  A hill giant (D:9)
  An orc knight (Orc:2)
  A lindwurm (Lair:8)
  A deep elf archer (Orc:2)
  An oklob plant (D:12)
  2 deep elf magi
  4 griffons
  2 orc sorcerers (Orc:2)
  4 ugly things
  3 manticores
  Joseph (D:9)
  13 elephants
  4 black mambas
  3 centaur zombies
  6 torpor snails (Lair:8)
  2 ice statues (IceCv)
  Psyche (D:8)
  17 spiny frogs
  8 rime drakes
  An efreet (D:12)
  7 komodo dragons
  10 polar bears
  A queen bee (D:10)
  9 trolls
  4 jumping spiders (Lair:3)
  2 giant leeches (Lair:8)
  A two-headed ogre (Orc:2)
  Grinder (D:6)
  7 blink frogs
  A slime creature (D:14)
  3 raiju (Lair:8)
  A boulder beetle (Lair:8)
  A wraith (D:9)
  The ghost of Nordron the Magician, an amateur GrFE (D:4)
  2 vampires
  5 redbacks (Lair:3)
  42 yaks
  Grum (D:8)
  9 wyverns
  3 fire bats (Lair:6)
  6 hogs (Lair:8)
  8 basilisks
  23 hippogriffs
  2 steam dragons
  A hungry ghost (D:13)
  5 soldier ants
  10 wargs
  21 water moccasins
  5 hell hounds (Lair:8)
  6 porcupines
  2 sky beasts
  14 black bears
  24 ice beasts
  33 orc warriors
  2 phantoms
  7 wasps
  17 wolves
  18 centaurs
  9 ogres
  16 crocodiles
  Blork the orc (D:4)
  A big kobold (D:9)
  21 giant frogs
  A wyvern zombie (D:10)
  4 scorpions
  41 killer bees
  11 wights
  6 crimson imps
  3 quasits
  2 giant frog zombies
  8 orc priests
  A jelly (D:11)
  3 giant frog skeletons
  6 centaur skeletons
  12 hounds
  7 iguanas
  16 orc wizards
  25 worker ants
  19 sheep
  A hound zombie (D:10)
  2 worker ant zombies (D:9)
  A howler monkey zombie (D:8)
  3 gnolls (D:6)
  9 adders
  56 river rats
  A shadow imp (D:10)
  2 oozes
  3 adder zombies
  An adder skeleton (D:4)
  22 worms
  3 dart slugs
  6 giant geckos
  63 orcs
  6 giant cockroaches
  6 hobgoblins
  31 jackals
  9 kobolds
  5 quokkas
  3 ball pythons
  4 bats
  A giant cockroach zombie (D:6)
  2 giant newts
  7 goblins
  A jackal skeleton (D:5)
  A jackal zombie (D:5)
  2 quokka zombies
  7 rats
  2 fungi (Lair:8)
  4 plants
899 creatures vanquished.

Vanquished Creatures (collateral kills)
  Rupert (Lair:7)
  An orc warlord (Orc:2)
  A vault guard (D:14)
  3 hill giants
  An orc knight (Orc:2)
  Maurice (D:11)
  3 two-headed ogres
  Sigmund (D:6)
  3 orc warriors
  A giant frog (Lair:7)
  4 wights
  An orc (D:4)
21 creatures vanquished.

Vanquished Creatures (others)
  3 dancing weapons
  An orc priest (Orc:2)
  A hound (Lair:8)
  42 fungi
  49 plants
96 creatures vanquished.

Grand Total: 1016 creatures vanquished

Notes
Turn   | Place    | Note
--------------------------------------------------------------
     0 | D:1      | KarmaPolice the Vampire Enchanter began the quest for the Orb.
     0 | D:1      | Reached XP level 1. HP: 13/13 MP: 3/3
    93 | D:1      | Reached XP level 2. HP: 19/19 MP: 5/5
    97 | D:1      | Learned a level 2 spell: Ensorcelled Hibernation
   987 | D:2      | Reached XP level 3. HP: 24/24 MP: 7/7
   992 | D:2      | Learned a level 3 spell: Confuse
  1367 | D:3      | Found an opulent altar of Gozag.
  1379 | D:3      | Reached skill level 5 in Stealth
  1379 | D:3      | Reached skill level 5 in Hexes
  1413 | D:3      | Reached XP level 4. HP: 16/30 MP: 4/8
  1789 | D:3      | Found a bloodstained altar of Trog.
  1830 | D:3      | Found an iron altar of Okawaru.
  2282 | D:3      | Found a sparkling altar of Nemelex Xobeh.
  2497 | D:3      | Reached XP level 5. HP: 35/35 MP: 6/9
  2638 | D:3      | Learned a level 3 spell: Tukima's Dance
  2713 | D:4      | Noticed Nordron's ghost (amateur GrFE)
  2727 | D:4      | Killed Nordron's ghost
  2727 | D:4      | Reached skill level 6 in Hexes
  2727 | D:4      | Reached XP level 6. HP: 26/41 MP: 7/11
  3084 | D:4      | Reached XP level 7. HP: 45/46 MP: 13/13
  3116 | D:4      | Reached skill level 7 in Hexes
  3358 | D:4      | Noticed Blork the orc
  3365 | D:4      | Killed Blork the orc
  3611 | D:4      | Found a glowing golden altar of the Shining One.
  3611 | D:4      | Found a white marble altar of Elyvilon.
  4076 | D:4      | Reached skill level 1 in Ice Magic
  4081 | D:5      | Entered Level 5 of the Dungeon
  4463 | D:5      | Reached skill level 5 in Short Blades
  4463 | D:5      | Reached skill level 8 in Hexes
  4463 | D:5      | Reached XP level 8. HP: 52/52 MP: 5/15
  4711 | D:5      | Found a staircase to the Ecumenical Temple.
  4715 | Temple   | Entered the Ecumenical Temple
  4763 | D:6      | Found Ici Uqer's Distillery.
  4787 | D:6      | Bought a potion of mutation for 25 gold pieces
  4787 | D:6      | Bought a potion of heal wounds for 50 gold pieces
  4888 | D:6      | Reached skill level 5 in Spellcasting
  5430 | D:6      | Noticed Grinder
  6563 | D:6      | Killed Grinder
  6563 | D:6      | Reached skill level 9 in Hexes
  6620 | D:6      | Noticed Sigmund
  6631 | D:6      | Killed Sigmund
  6987 | D:6      | Reached XP level 9. HP: 57/57 MP: 9/18
  7380 | D:7      | Noticed a troll
  7386 | D:7      | Killed a troll
  7453 | D:7      | Found a sand-covered staircase.
  7518 | D:7      | Found a burning altar of Makhleb.
  7865 | D:7      | Reached skill level 10 in Hexes
  8013 | D:7      | Reached skill level 5 in Ice Magic
  8221 | D:7      | Found Caoddola's Gadget Emporium.
  8944 | D:8      | Noticed Erica
  8979 | D:8      | Killed Erica
  9014 | D:8      | Noticed Psyche
  9035 | D:8      | Killed Psyche
  9035 | D:8      | Reached skill level 11 in Hexes
  9035 | D:8      | Reached XP level 10. HP: 61/63 MP: 15/20
  9106 | D:8      | Noticed Grum
  9115 | D:8      | Reached skill level 10 in Stealth
  9130 | D:8      | Killed Grum
  9190 | D:8      | Found an oddly glowing altar of Pakellas.
  9190 | D:8      | Found Pakellas's Prime Provisions.
  9290 | D:8      | Found a staircase to the Lair.
 10080 | D:9      | Noticed a deep elf mage
 10083 | D:9      | Killed a deep elf mage
 10148 | D:9      | Noticed a hill giant
 10182 | D:9      | Killed a hill giant
 10311 | D:9      | Noticed Joseph
 10317 | D:9      | Learned a level 3 spell: Dazzling Spray
 10328 | D:9      | Killed Joseph
 10328 | D:9      | Reached skill level 12 in Hexes
 10709 | D:10     | Entered Level 10 of the Dungeon
 11809 | D:10     | Noticed a hill giant
 11817 | D:10     | Killed a hill giant
 11817 | D:10     | Reached XP level 11. HP: 68/68 MP: 14/23
 11940 | D:10     | Found an opulent altar of Gozag.
 12286 | D:10     | Found Suligro's Antique Weapon Boutique.
 13220 | D:10     | Found Vihoet's Gadget Shoppe.
 13395 | Lair:1   | Entered Level 1 of the Lair of Beasts
 13433 | Lair:1   | Reached skill level 13 in Hexes
 14400 | Lair:1   | Got a smoking long sword
 14483 | Lair:2   | Identified the +9 long sword "Rejocs" {freeze, +Fly} (You found it on level 1 of the Lair of Beasts)
 15257 | Lair:2   | Noticed a four-headed hydra
 15421 | Lair:2   | Killed a four-headed hydra
 15663 | Lair:3   | Reached skill level 14 in Hexes
 15999 | Lair:3   | Reached XP level 12. HP: 74/74 MP: 25/25
 16066 | Lair:3   | Noticed a queen ant
 16103 | Lair:3   | Killed a queen ant
 16459 | Lair:3   | Found a hole to the Spider Nest.
 16584 | Lair:3   | Reached skill level 10 in Spellcasting
 17035 | Lair:3   | Reached skill level 10 in Short Blades
 17517 | Lair:4   | Learned a level 5 spell: Yara's Violent Unravelling
 17567 | Lair:4   | Reached skill level 15 in Hexes
 18430 | Lair:4   | Reached skill level 10 in Ice Magic
 19375 | Lair:4   | Reached XP level 13. HP: 79/79 MP: 18/27
 19983 | Lair:5   | Found a staircase to the Shoals.
 20844 | Lair:6   | Found a viscous altar of Jiyva.
 20844 | Lair:6   | Found a staircase to the Slime Pits.
 21084 | Lair:6   | Reached skill level 16 in Hexes
 21919 | Lair:7   | Noticed Rupert
 22175 | Lair:7   | Reached skill level 1 in Conjurations
 22233 | Lair:7   | Got a brightly glowing jade ring
 22555 | Lair:7   | Reached skill level 1 in Fighting
 22956 | Lair:7   | Paralysed by Rupert for 3 turns
 23643 | Lair:7   | Killed Rupert
 24232 | Lair:8   | Entered Level 8 of the Lair of Beasts
 24680 | Lair:8   | Identified the ring "Hium" {+Inv rElec MP+9 Str-4 Slay+4} (You found it on level 7 of the Lair of Beasts)
 24946 | Lair:8   | Noticed Kirke
 25065 | Lair:8   | Killed Kirke
 25065 | Lair:8   | Reached XP level 14. HP: 93/93 MP: 28/29
 25183 | Lair:8   | Reached skill level 17 in Hexes
 25321 | Lair:8   | Found a runed door.
 28212 | Lair:8   | Reached skill level 1 in Transmutations
 28485 | Lair:8   | Learned a level 6 spell: Invisibility
 28828 | Lair:8   | Reached skill level 15 in Stealth
 30672 | Shoals:1 | Entered Level 1 of the Shoals
 31038 | Lair:1   | Learned a level 4 spell: Fulminant Prism
 31136 | D:11     | Reached skill level 18 in Hexes
 31192 | D:11     | Found Hiddyon's Food Shoppe.
 31202 | D:11     | Noticed Harold
 31225 | D:11     | Killed Harold
 31341 | D:11     | Found a staircase to the Orcish Mines.
 31411 | D:11     | Noticed Nergalle
 31414 | D:11     | Killed Nergalle
 31733 | D:11     | Noticed Maud
 31744 | D:11     | Killed Maud
 31747 | D:11     | Noticed Gastronok
 31918 | D:11     | Killed Gastronok
 32033 | D:11     | Noticed Maurice
 32064 | D:11     | Killed Maurice
 32221 | D:11     | Reached skill level 5 in Transmutations
 32416 | D:12     | Found a portal to a secret trove of treasure.
 32764 | D:12     | Reached XP level 15. HP: 88/100 MP: 30/30
 33053 | D:12     | Found a blossoming altar of Fedhas.
 34466 | D:14     | Learned a level 2 spell: Repel Missiles
 34497 | D:14     | Found a frozen archway.
 34629 | IceCv    | Entered an ice cave
 35408 | IceCv    | Noticed Nordron's ghost (journeyman GrEE)
 35894 | IceCv    | Killed Nordron's ghost
 36022 | IceCv    | Got a warped granite ring
 36216 | D:14     | Found a gate to the Vaults.
 36698 | D:14     | Reached skill level 19 in Hexes
 36844 | D:14     | Found a sacrificial altar of Ru.
 36935 | D:14     | Reached skill level 5 in Dodging
 37671 | D:11     | Identified the ring "Uskawudob" {rCorr +Inv rElec rF+ MR-} (You found it in an ice cave)
 37677 | Orc:1    | Entered Level 1 of the Orcish Mines
 37766 | Orc:2    | Entered Level 2 of the Orcish Mines
 37806 | Orc:2    | Found Ritta's Armour Boutique.
 37814 | Orc:2    | Bought a +1 cloak of magic resistance for 198 gold pieces
 39522 | Orc:2    | Noticed an orc warlord
 39645 | Orc:2    | Killed an orc warlord
 40020 | Orc:2    | Found a staircase to the Elven Halls.
 40505 | Orc:2    | Found Gaxt's Distillery.
 40505 | Orc:2    | Found Vawumuru's General Store.
 40507 | Orc:2    | Found Fysh's Assorted Antiques.
 40509 | Orc:2    | Found Zeorch Eseicw's Book Shoppe.
 40513 | Orc:2    | Bought a potion of beneficial mutation for 350 gold pieces
 40513 | Orc:2    | Bought a potion of degeneration for 10 gold pieces
 40513 | Orc:2    | Bought a potion of haste for 100 gold pieces
 40516 | Orc:2    | Bought a scroll of identify for 60 gold pieces
 40516 | Orc:2    | Bought a scroll of identify for 60 gold pieces
 40516 | Orc:2    | Bought a scroll of teleportation for 90 gold pieces
 40524 | Orc:2    | Gained mutation: You evolve. [potion of beneficial mutation]
 40796 | Orc:2    | Gained mutation: You are resistant to hostile enchantments. [evolution]
 40958 | Orc:1    | Hit by a large rock thrown by a stone giant

Skill      XL: |  1  2  3  4  5  6  7  8  9 10 11 12 13 14 15 |
---------------+----------------------------------------------+-----
Stealth        | 5 6 7 9 10 11 13 16 | 16.5
Hexes          | 5 6 8 9 11 12 14 15 16 18 19 | 19.4
Short Blades   | 2 3 4 5 6 7 9 10 | 10.3
Spellcasting   | 3 4 6 7 8 9 10 11 12 | 12.3
Ice Magic      | 2 4 6 7 8 10 | 10.7
Conjurations   | 3 4 |  4.7
Fighting       | 3 4 |  4.1
Transmutations | 5 6 |  6.7
Dodging        | 6 |  6.3

Action                   |  1- 3 |  4- 6 |  7- 9 | 10-12 | 13-15 || total
-------------------------+-------+-------+-------+-------+-------++-------
Melee: Dagger            |    89 |   144 |   342 |   505 |  1480 ||  2560
       Bite              |     3 |    11 |    21 |    42 |   155 ||   232
       Unarmed           |       |       |       |     4 |     2 ||     6
       Long sword        |       |       |       |       |   127 ||   127
 Cast: Ensorcelled Hiber |     4 |     6 |    39 |   199 |   318 ||   566
       Confuse           |     1 |     3 |    40 |    44 |   201 ||   289
       Tukima's Dance    |       |     1 |    20 |     7 |    25 ||    53
       Corona            |       |       |     5 |    14 |    20 ||    39
       Dazzling Spray    |       |       |       |       |    24 ||    24
       Invisibility      |       |       |       |       |     3 ||     3
       Repel Missiles    |       |       |       |       |     1 ||     1
 Abil: End Transformatio |       |     1 |     9 |     9 |    49 ||    68
       Bat Form          |       |     1 |     9 |     9 |    49 ||    68
  Use: Potion            |       |     1 |     9 |     8 |    15 ||    33
       Scroll            |       |       |     5 |     9 |    14 ||    28
 Stab: Sleeping          |    19 |    13 |    42 |   172 |   271 ||   517
       Distracted        |     1 |       |       |     2 |     9 ||    12
       Confused          |     1 |     5 |    18 |    22 |    89 ||   135
       Invisible         |       |       |       |       |     1 ||     1
  Eat: Corpse            |       |     4 |       |     6 |     7 ||    17
Armor: Robe              |    13 |    34 |    64 |   123 |   388 ||   622
Dodge: Dodged            |    42 |    71 |   141 |   243 |   766 ||  1263
       Deflected         |       |       |       |       |     1 ||     1
